 Dungeon Crawl Stone Soup version 0.21-a0-127-g329daca (webtiles) character file.

1282 Heofaku the Cleaver (level 8, -1/91 HPs)
             Began as a Demonspawn Monk on July 16, 2017.
             Slain by a mummy (2 damage)
             ... in an ossuary.
             The game lasted 00:07:08 (3690 turns).

Heofaku the Cleaver (Demonspawn Monk)               Turns: 3690, Time: 00:07:09

Health: -1/91      AC: 24    Str: 14    XL:     8   Next: 29%
Magic:  0/8        EV:  2    Int: 19    God:
Gold:   121        SH:  0    Dex: 15    Spells: 7/7 levels left

rFire    . . .     SeeInvis .   a - +0 hand axe
rCold    . . .     Gourm    .   (no shield)
rNeg     + + +     Faith    .   (armour currently unavailable)
rPois    +         Spirit   +   (helmet currently unavailable)
rElec    .         Reflect  .   (cloak currently unavailable)
rCorr    .         Harm     .   (gloves currently unavailable)
MR       .....     NoTele   +   (boots unavailable)
Stlth    ++........             (no amulet)
HPRegen  0.25/turn              k - ring of poison resistance
MPRegen  0.11/turn              (no ring)

@: brilliant, tree-form (expiring)
A: blurry vision 1, clever 1, magic shield
a: no special abilities


You were in an ossuary.
You were not hungry.
You were a tree.
You visited 1 branch of the dungeon, and saw 4 of its levels.
You also visited: Ossuary.

You collected 121 gold pieces.

Inventory:

Hand Weapons
 a - a +0 hand axe (weapon)
Armour
 b - a +0 robe
 g - a +0 ring mail (melded)
 p - a +0 cloak (melded)
 q - a +0 helmet (melded)
Jewellery
 k - a ring of poison resistance (left branch)
Scrolls
 e - a scroll of teleportation
 f - a scroll of blinking {unknown}
 l - 3 scrolls of remove curse
 n - 2 scrolls of identify {unknown}
 o - a scroll of noise {unknown}
Potions
 i - 2 potions of flight
Comestibles
 c - a bread ration
 h - 2 royal jellies


   Skills:
 + Level 4.4 Fighting
 + Level 8.1 Axes
 + Level 2.6 Armour
 + Level 3.9 Dodging
 - Level 1.9 Stealth


You had 7 spell levels left.
You didn't know any spells.

Dungeon Overview and Level Annotations

Branches:
Dungeon (4/15)
 Temple: D:4-7

Altars:
Gozag
The Shining One


Innate Abilities, Weirdness & Mutations

((You have claws for feet.))
((You are mostly covered in yellow scales. (AC +3)))
When hurt, damage is shared between your health and your magic reserves.
((You have sharp fingernails.))
Scrolls take you a little longer to read.
Your mind is acute. (Int +2)


Message History

Unknown command.
You barely miss the mummy.
The mummy is moderately damaged.
You hit the mummy but do no damage.
The mummy hits you but does no damage. x2
You hit the mummy but do no damage.
The mummy is moderately damaged.
You hit the mummy. You hit the mummy.
The mummy is moderately damaged.
You hit the mummy but do no damage. The mummy hits you but does no damage.
The mummy hits you.
* * * LOW HITPOINT WARNING * * *
You hit the mummy.
The mummy is heavily damaged.
You hit the mummy.
Unknown command.
You completely miss the mummy.
The mummy is heavily damaged.
You hit the mummy. The mummy hits you.
You die...

...........................∩#
............................#
.#####+###+###'###'###'###..#
.#...# #...#...#...#..#
.#.###### ##'######'#.#..#
.'.#....# #....#....#.#..#
.###....# #....#....###..#
.#.#....# #....#....#.'..#
.#.'....# #..♣M#....#.#..#
.'.###### ###M#######.#..#
.###....# ...# ###..#
.#.#....# ....# #.'..#
.#.'....# ??...# #.#..#
.'.#....# ?$?!..# +.#..#
.######## !$∩$?..# ###..#
.#.#....# .?!$!!..# +..#
.#.'....# #..#


You could see 2 mummies.

Vanquished Creatures
  Pikel (D:4)
  Sigmund (D:2)
  Menkaure (Ossuary)
  An elf zombie (Ossuary)
  A troll zombie (Ossuary)
  2 centaur zombies (Ossuary)
  2 human zombies (Ossuary)
  An orc wizard (D:3)
  Crazy Yiuf (D:2)
  Jessica (D:2)
  An ogre zombie (Ossuary)
  4 mummies (Ossuary)
  5 adders
  3 oozes
  3 adder zombies (Ossuary)
  2 dart slugs
  A worm (D:2)
  4 leopard geckos
  6 orcs
  2 ball pythons
  4 bats
  3 giant cockroaches
  4 goblins
  6 hobgoblins
  4 kobolds
  2 quokkas
  5 frilled lizards
  A gnoll zombie (Ossuary)
  3 goblin zombies (Ossuary)
  A hobgoblin zombie (Ossuary)
  6 kobold zombies (Ossuary)
  An orc zombie (Ossuary)
  A quokka zombie (Ossuary)
  7 rats
  3 rat zombies (Ossuary)
94 creatures vanquished.

Vanquished Creatures (others)
  A slave (D:4)
  An iguana (D:4)
2 creatures vanquished.

Grand Total: 96 creatures vanquished

Notes
Turn   | Place    | Note
-------+----------+-------------------------------------------
     0 | D:1      | Heofaku the Demonspawn Monk began the quest for the Orb.
     0 | D:1      | Reached XP level 1. HP: 18/18 MP: 1/1
   130 | D:1      | Found a glowing golden altar of the Shining One.
   182 | D:1      | Reached skill level 3 in Axes
   228 | D:1      | Gained mutation: You are partially covered in yellow scales. (AC +2) [demonic ancestry]
   228 | D:1      | Reached XP level 2. HP: 18/24 MP: 2/2
   771 | D:2      | Noticed Jessica
   785 | D:2      | Killed Jessica
   785 | D:2      | Reached skill level 4 in Axes
   785 | D:2      | Gained mutation: When hurt, damage is shared between your health and your magic reserves. [demonic ancestry]
   785 | D:2      | Reached XP level 3. HP: 9/29 MP: 3/3
  1109 | D:2      | Gained mutation: You are mostly covered in yellow scales. (AC +3) [demonic ancestry]
  1109 | D:2      | Reached XP level 4. HP: 35/35 MP: 4/4
  1179 | D:2      | Noticed Sigmund
  1199 | D:2      | Killed Sigmund
  1199 | D:2      | Reached skill level 5 in Axes
  1199 | D:2      | Gained mutation: You have sharp toenails. [demonic ancestry]
  1199 | D:2      | Reached XP level 5. HP: 7/41 MP: 2/5
  1683 | D:2      | You fall through a shaft!
  1714 | D:3      | Reached skill level 6 in Axes
  1735 | D:2      | Found a runed door.
  1965 | D:2      | Noticed Crazy Yiuf
  2066 | D:2      | Gained mutation: You have sharp fingernails. [potion of mutation]
  2066 | D:2      | Gained mutation: Scrolls take you a little longer to read. [potion of mutation]
  2066 | D:2      | Gained mutation: Your mind is acute. (Int +2) [potion of mutation]
  2070 | D:2      | Killed Crazy Yiuf
  2070 | D:2      | Gained mutation: You have razor-sharp toenails. [demonic ancestry]
  2070 | D:2      | Reached XP level 6. HP: 47/47 MP: 6/6
  2146 | D:3      | Found a faded altar of an unknown god.
  2746 | D:4      | Found an opulent altar of Gozag.
  2799 | D:4      | Noticed a slave
  2800 | D:4      | Noticed Pikel
  2801 | D:4      | Noticed a slave
  2802 | D:4      | Noticed a slave
  2803 | D:4      | Noticed a slave
  2824 | D:4      | Killed Pikel
  2824 | D:4      | Reached skill level 7 in Axes
  2824 | D:4      | Reached skill level 1 in Armour
  2824 | D:4      | Gained mutation: You have claws for feet. [demonic ancestry]
  2824 | D:4      | Reached XP level 7. HP: 16/53 MP: 2/7
  2860 | D:4      | Found a sand-covered staircase.
  2865 | Ossuary  | Entered an ossuary
  3200 | Ossuary  | Reached XP level 8. HP: 17/60 MP: 6/8
  3650 | Ossuary  | Noticed Menkaure
  3666 | Ossuary  | Killed Menkaure
  3666 | Ossuary  | Reached skill level 8 in Axes
  3673 | Ossuary  | HP: 3/91 [mummy (11)]
  3685 | Ossuary  | HP: 2/91 [mummy (3)]
  3690 | Ossuary  | Slain by a mummy

Vault maps used:
D:1:      wheals_arrival_shading, tso_metal_star
D:2:      uniq_crazy_yiuf_cottage, uniq_sigmund, uniq_jessica
D:3:      chequers_ecumenical_altar_island, hex_large
D:4:      wad_woods_tower, nicolae_ossuary_entry_plus, serial_shops,
          nicolae_shop_behind_doors, first_bread, grunt_gozag_breadcrumbs,
          uniq_edmund, uniq_pikel, uniq_blork_the_orc, uniq_eustachio
Ossuary:  ossuary_boxes_badplayer

Skill      XL: |  1  2  3  4  5  6  7  8 |
---------------+-------------------------+-----
Axes           | 3 4 5 6 7 8 |  8.1
Armour         | 1 2 |  2.6
Dodging        | 3 |  3.9
Fighting       | 4 |  4.4
Stealth        | |  1.9

Action                   |  1- 3 |  4- 6 |  7- 9 || total
-------------------------+-------+-------+-------++-------
Melee: Hand axe          |    77 |   138 |   165 ||   380
       Kick              |       |    39 |    51 ||    90
  Use: Potion            |       |     4 |     5 ||     9
       Scroll            |       |     2 |       ||     2
 Stab: Sleeping          |     4 |     1 |     4 ||     9
  Eat: Chunk             |       |     6 |     1 ||     7
       Royal jelly       |       |       |     1 ||     1
Armor: Robe              |     8 |       |       ||     8
       Ring mail         |    18 |    49 |    49 ||   116
       Skin              |       |       |    11 ||    11
Dodge: Dodged            |    36 |    84 |    65 ||   185
